 Dungeon Crawl Stone Soup version 0.26-a0-191-g4694d0f (console) character file.

Game seed: 12534683286269654675

68 HarryHood the Cudgeler (level 4, -8/39 HPs)
             Began as a Minotaur Berserker on May 23, 2020.
             Was a Believer of Trog.
             Mangled by a gnoll
             ... wielding a +0 halberd
              (12 damage)
             ... on level 2 of the Dungeon on July 4, 2020.
             The game lasted 00:08:52 (1582 turns).

HarryHood the Cudgeler (Minotaur Berserker)         Turns: 1582, Time: 00:08:52

Health: -8/39      AC:  3    Str: 22    XL:     4   Next: 1%
Magic:  3/3        EV: 12    Int:  4    God:    Trog [**....]
Gold:   45         SH:  0    Dex: 10    Spells: 3/3 levels left

rFire    . . .     SeeInvis .   a - +1 mace
rCold    . . .     Faith    .   (no shield)
rNeg     . . .     Spirit   .   m - +0 leather armour
rPois    .         Reflect  .   (helmet restricted)
rElec    .         Harm     .   (no cloak)
rCorr    .                      (no gloves)
MR       .....                  (no boots)
Stlth    +.........             (no amulet)
HPRegen  0.13/turn              (no ring)
MPRegen  0.08/turn              (no ring)

@: no status effects
A: retaliatory headbutt, horns 2
a: Berserk, Trog's Hand, Renounce Religion


You were on level 2 of the Dungeon.
You worshipped Trog.
Trog was pleased with you.
You were very hungry.

You visited 1 branch of the dungeon, and saw 2 of its levels.

You collected 45 gold pieces.

Inventory:

Hand Weapons
 a - a +1 mace (weapon)
 b - a +0 hunting sling
Missiles
 h - 81 stones (quivered)
Armour
 m - a +0 leather armour (worn)
Jewellery
 c - an uncursed ring of fire {unknown}
Scrolls
 d - a scroll of noise {unknown}
 f - a scroll of remove curse {@r1}
 r - a scroll of identify
Potions
 g - a potion of berserk rage {unknown}
 i - a potion of curing {unknown}
 j - a potion of haste
 k - a potion of cancellation
 l - a potion of resistance {unknown}
Comestibles
 e - 6 rations {@e1}


   Skills:
 + Level 3.6 Fighting
 - Level 6.0 Maces & Flails
 - Level 2.4 Armour
 - Level 2.1 Dodging


You had 3 spell levels left.
You didn't know any spells.
Your spell library was empty.

Dungeon Overview and Level Annotations

Branches:
Dungeon (2/15)

Altars:
Qazlal


Innate Abilities, Weirdness & Mutations

You reflexively headbutt those who attack you in melee.
You have a pair of horns on your head.


Message History

The gnoll completely misses you.
Found a stone staircase leading down.
Things that are here:
a +0 whip; a gnoll corpse You closely miss the gnoll.
The gnoll closely misses you. You furiously retaliate!
You headbutt the gnoll. The gnoll closely misses you. You furiously retaliate!
You headbutt the gnoll!
You kill the gnoll!
Trog accepts your kill.
Training target 6.0 for Maces & Flails reached!
Your Maces & Flails skill increases to level 6!
You need to enable at least one skill for training.
You have reached level 4!
You feel stronger.
You regained 3 hp, and now have 11/39 hp.
MP restored: 3 You hit the gnoll.
Your headbutt misses the gnoll. The gnoll hits you with a +0 halberd!
* * * LOW HITPOINT WARNING * * *
You take 7 damage, and have 4/39 hp.
You closely miss the gnoll. The gnoll hits you with a +0 halberd!
You die...

######.##. #.##.
#.##. . ..#.>#
#.##. . #.#..# #
#.### # #.#.#..#
#.####.###
#.#.#.#..###
#........#
...........#
#.#........
.........)..
.##........
#..gg##.#
.#.###.### #@##.#
#..# #.# # #.##.#
#..###.# #
#.##.####..#...# #
#..........#.#####
####.###..........
#.# #.#.#.#####
#.# #.#).......
#.# #.###.##.##
... ... ..##.# ###
### #.##.##
#.##...


You could see 2 gnolls.

Vanquished Creatures
  2 gnolls (D:2)
  An adder (D:2)
  An ooze (D:2)
  A dart slug (D:1)
  2 giant cockroaches
  4 goblins
  2 hobgoblins (D:1)
  8 kobolds (D:1)
  4 bats
  5 frilled lizards (D:1)
  6 rats
36 creatures vanquished.

Notes
Turn   | Place    | Note
-------+----------+-------------------------------------------
     0 | D:1      | HarryHood the Minotaur Berserker began the quest for the
                  | Orb.
     0 | D:1      | Reached XP level 1. HP: 19/19 MP: 0/0
   124 | D:1      | Reached skill level 4 in Maces & Flails
   239 | D:1      | Upgraded the game from 0.25-a0-1133-g93ebf73 to
                  | 0.26-a0-8-gc4d20be
   290 | D:1      | Reached XP level 2. HP: 24/26 MP: 1/1
   812 | D:1      | Reached ** piety under Trog
   814 | D:1      | Reached skill level 5 in Maces & Flails
   911 | D:1      | Reached XP level 3. HP: 26/31 MP: 2/2
  1136 | D:2      | Found a faded altar of an unknown god.
  1329 | D:2      | Found a stormy altar of Qazlal.
  1332 | D:2      | Noticed a fire elemental
  1380 | D:2      | Noticed an earth elemental
  1381 | D:2      | Noticed a water elemental
  1381 | D:2      | Noticed an air elemental
  1409 | D:2      | Upgraded the game from 0.26-a0-8-gc4d20be to
                  | 0.26-a0-191-g4694d0f
  1580 | D:2      | Reached skill level 6 in Maces & Flails
  1580 | D:2      | Reached XP level 4. HP: 11/39 MP: 3/3
  1582 | D:2      | Mangled by a gnoll

Illustrated notes

Levels and vault maps discovered:
D:1:      grunt_arrival_lava_bath, layout_loops_cross, lexackson_kobold_supper
D:2:      layout_loops_ring, nicolae_qazlal_style_of_elements,
          chequers_ecumenical_altar_simple_redux, kennysheep_generic_room_11

Skill      XL: |  1  2  3 |
---------------+----------+-----
Maces & Flails | 4 5 6 |  6.0
Fighting       | |  3.6
Armour         | |  2.4
Dodging        | |  2.1

Action                   |  1- 3 |  4- 6 || total
-------------------------+-------+-------++-------
Melee: Mace              |    78 |     2 ||    80
       Headbutt          |    10 |       ||    10
  Use: Scroll            |     5 |       ||     5
 Stab: Sleeping          |     1 |       ||     1
  Eat: Chunk             |     1 |       ||     1
Armor: Animal skin       |    13 |       ||    13
Dodge: Dodged            |    43 |       ||    43

Table legend:
 A = Non-vault XP
 B = Vault XP
 C = Vault XP percentage of total XP
 D = Non-vault monster count
 E = Vault monster count
 F = Vault count percentage of total count
                 A         B        C        D         E       F
            +---------+---------+-------+---------+---------+-------
      Total |      91 |       7 |   7.1 |      31 |       5 |  13.9
            +---------+---------+-------+---------+---------+-------
        D:1 |      36 |       7 |  16.3 |      23 |       5 |  17.9
        D:2 |      55 |       0 |   0.0 |       8 |       0 |   0.0
            +---------+---------+-------+---------+---------+-------
